Unix NetHack Version 5.0.0-0 post-release - last build Jun 10 2026 00:39:30 (3ee93aec679c4c4259841fe613dc97188e26a321,branch:main).

Game began 2026-05-31 19:56:25, ended 2026-06-21 15:06:55.

Coineanach, lawful female human Samurai

                            -------            -----
                            |$$$$$|--     ------...|
                            |$$$$0+.|     |....%%..|
                          --|.$$$$|-|     |........|
                          |.-E$0..-.|   ----.-------
                          |.|*$$$$|-|  --.........|
                          |.|$$$$$+.|  |..........|
                          |.|$$$$$|--  |..........|
                          |.|------   --------.-----
                          |.|         |............|
                          |.|         |............|
                          |.|         |----.--------
                          |.|         |0.........0|
                          |.|         |...........|
                          |.|         ------.-------
                          |.----------------......(|
                          |..............(.^......>|
                          --------------------------
Coineanach the Joshu   St:18 Dx:15 Co:18 In:9 Wi:9 Ch:6  Lawful
Dlvl:5  $:2972 HP:0(105) Pw:35(35) AC:-5 Xp:10 T:12126  Fly

Latest messages:
 A pit viper was hidden under 30 gold pieces!
 The pit viper bites!
 The pit viper misses!
 The carnivorous ape wakes up!
 The carnivorous ape hits!
 The carnivorous ape misses!
 The pit viper bites!
 The pit viper bites again!
 You hit the acid blob with the cockatrice corpse.
 The Woodland-elf zaps a wand of striking!
 The wand hits you!
 The pit viper misses!
 The pit viper bites!
 The carnivorous ape hits!
 The carnivorous ape hits again!
 You hit the acid blob with the cockatrice corpse.
 You kill the acid blob!
 You are splashed by the acid blob's acid!
 The jaguar wakes up!
 The Woodland-elf zaps a wand of striking!
 The wand misses you.
 The pit viper bites!
 The pit viper bites again!
 The stone golem hits!
 The carnivorous ape misses!
 The carnivorous ape hits!
 The air elemental wakes up!
 The air elemental engulfs you!
 You are pummeled with debris!
 You hit the air elemental with the cockatrice corpse.
 You are pummeled with debris!
 You are pummeled with debris!
 You are pummeled with debris!
 You get expelled!
 You see here 31 rocks.
 You see here 18 rocks.
 The Woodland-elf thrusts his elven spear.
 The Woodland-elf hits!
 You see the pit viper slither under rocks.
 The stone golem hits!
 The air elemental engulfs you!
 You are pummeled with debris!
 You are pummeled with debris!
 You are pummeled with debris!
 You die...
 Do you want your possessions identified? [ynq] (y)
 Do you want to see your attributes? [ynq] (y)
 Do you want an account of creatures vanquished? [ynaq] (y)
 Do you want to see your conduct and achievements? [ynq] (y)
 Do you want to see the dungeon overview? [ynq] (y)

Inventory:
 Coins    ('$')
  $ - 2972 gold pieces
 Amulets  ('"')
  F - a blessed amulet of flying (being worn)
 Weapons  (')')
  N - a +0 elven arrow
  d - a +0 ya
  c - a +0 yumi
  m - a blessed +1 dagger
  X - 2 +0 daggers (at the ready)
  i - a blessed +0 elven dagger
  H - 2 +0 elven daggers
  I - a +2 orcish dagger
  a - a corroded +0 katana
 Armor    ('[')
  f - an uncursed +0 elven leather helm (being worn)
  y - an uncursed +0 pair of yugake (being worn)
  W - an uncursed +0 pair of high boots (being worn)
  K - an uncursed +0 elven shield (being worn)
  M - an uncursed burnt rotted +0 cloak of protection (being worn)
  R - a blessed +1 dwarvish mithril-coat (being worn)
 Comestibles  ('%')
  J - an uncursed slime mold
  n - 3 uncursed cram rations
  B - an uncursed tripe ration
  g - an uncursed cockatrice corpse (wielded)
  U - an uncursed lichen corpse
  e - an uncursed lizard corpse
 Scrolls  ('?')
  h - 2 uncursed scrolls of earth
  L - 2 uncursed scrolls of teleportation
 Potions  ('!')
  Y - an uncursed potion of full healing
 Rings    ('=')
  G - a cursed ring of see invisible
  V - an uncursed ring of stealth
 Wands    ('/')
  q - a wand of cancellation (0:7)
  Z - a wand of cancellation (0:5)
  o - a wand of cancellation (0:4)
  z - a wand of cold (0:1)
  S - a wand of create monster (0:15)
  A - a wand of create monster (0:14)
  O - a wand of digging (0:8)
  C - a blessed wand of light (0:13)
  s - a wand of lightning (0:0)
  D - a wand of locking (0:5)
  p - a wand of magic missile (0:4)
  x - a wand of make invisible (0:6)
  P - a wand of slow monster (0:8)
  b - a wand of slow monster (0:7)
  v - a wand of slow monster (0:7)
  w - a wand of slow monster (0:5)
  t - a wand of slow monster (0:2)
  l - a wand of striking (0:0)
  u - a wand of teleportation (0:7)
  r - a wand of teleportation (0:3)
  E - a wand of undead turning (0:8)
  j - a wand of undead turning (0:5)
 Tools    ('(')
  T - an uncursed skeleton key
  Q - a +0 unicorn horn

Coineanach the Samurai's attributes:

Background:
 You were a Joshu, a level 10 female human Samurai.
 You were lawful, on a mission for Amaterasu Omikami
 who was opposed by Raijin (neutral) and Susanowo (chaotic).
 You were right-handed.
 You were in Sokoban, on level 5.
 You entered the dungeon 12126 turns ago.
 You had 6197 experience points, 3803 more were needed to attain level 11.

Basics:
 You had 0 out of 105 hit points.
 You had all 35 energy points (spell power).
 Your armor class was -5.
 Your wallet contained 2972 zorkmids.
 Autopickup was off.

Final Characteristics:
 Your strength was 18 (limit:18/100).
 Your dexterity was 15 (peak:18, limit:18).
 Your constitution was 18 (limit:18).
 Your intelligence was 9 (limit:18).
 Your wisdom was 9 (limit:18).
 Your charisma was 6 (limit:18).

Final Status:
 You were flying.
 You were engulfed by the air elemental.
 You weren't hungry.
 You were unencumbered.
 You were wielding a corpse.

Final Attributes:
 You were piously aligned.
 You were sleep resistant.
 You were poison resistant.
 You were telepathic.
 You were protected.
 Your spell casting was impaired by metallic armor.
 You were fast.
 You are dead.

Miscellaneous:
 You encountered 2 bones levels.
 Total elapsed playing time was 4 hours, 24 minutes and 24 seconds.

Major events:
 Turn
    1: Coineanach the lawful female human Samurai entered the dungeon
  894: attained the rank of Ronin (level 3)
 1961: entered the Gnomish Mines
 2599: attained the rank of Kunoichi (level 6)
 2856: reached Mine Town
 9340: entered Sokoban
 9805: completed 1st Sokoban level
10176: completed 2nd Sokoban level
10509: attained the rank of Joshu (level 10)
10962: completed 3rd Sokoban level
11742: completed 4th Sokoban level
12126: killed by an air elemental

Spells:
 Name                 Level Category     Fail Retention
 light                  1   divination   100%  76%-100%
 create monster         2   clerical     100%  76%-100%

Skills:
 Fighting Skills
   martial arts      [Basic]
   two weapon combat [Unskilled]
   riding            [Unskilled]
 Weapon Skills
   dagger            [Basic]
   knife             [Unskilled]
   short sword       [Basic]
   broadsword        [Unskilled]
   long sword        [Expert]
   two-handed sword  [Unskilled]
   saber             [Unskilled]
   flail             [Unskilled]
   quarterstaff      [Unskilled]
   polearms          [Unskilled]
   spear             [Unskilled]
   lance             [Unskilled]
   bow               [Basic]
   shuriken          [Unskilled]
 Spellcasting Skills
   attack spells     [Unskilled]
   divination spells [Unskilled]
   clerical spells   [Unskilled]

Voluntary challenges:
 Character rerolling was not enabled.
 You never genocided any monsters.
 You never polymorphed an object.
 You never changed form.
 You used no wishes.
 You violated the special Sokoban rules twice.
Achievements:
 You entered a shop.
 You attained the rank of Ronin.
 You entered the Gnomish Mines.
 You attained the rank of Kunoichi.
 You entered Minetown.
 You entered a temple.
 You entered Sokoban.
 You attained the rank of Joshu.

 The Dungeons of Doom: levels 1 to 9
    Level 1: "vault"
       Some fountains.
    Level 2:
       A wand shop.
    Level 3:
       An armor shop.
    Level 4: "dull spbk, pick-axe, scrolls, potions"
       A throne, a sink.
       Stairs down to The Gnomish Mines.
    Level 5:
       An altar, a fountain.
    Level 6: "vault"
       Some fountains.
    Level 7: "vault, spb light"
       A fountain.
    Level 8:
       Many fountains.
    Level 9: "vault"
       An altar, a fountain.
       Stairs up to Sokoban, level 8.
 The Gnomish Mines: levels 5 to 9
    Level 5:
       A grave.
       Final resting place for
          chris3141592653-Wiz-Elf-Mal-Cha, killed by a dwarf.
    Level 6:
    Level 7:
    Level 8:
       A general store, a temple and an altar, some fountains, many graves, some trees.
       Final resting place for
          Wizzard5-Wiz-Elf-Fem-Cha, killed by a lynx,
          Japes-Val-Hum-Fem-Law, killed by a fire ant, while praying,
          geegz-Sam-Hum-Fem-Law, killed by a gnome.
    Level 9:
 Sokoban: levels 8 up to 5
    Level 5: <- You were here.
       Solved.
       Final resting place for
          you, killed by an air elemental.
    Level 6:
       Solved.
    Level 7:
       Solved.
    Level 8:
       Solved.


Vanquished creatures:
  a ghost
  2 long worms
  a large mimic
  a wumpus
  a stalker
  4 wargs
  4 small mimics
  a warhorse
  2 large dogs
  a flaming sphere
  a shocking sphere
  2 large cats
  a tiger
  a gargoyle
  a tengu
  a leocrotta
 an elf mummy
  a red naga
  a cobra
  a leather golem
  a soldier
  3 chameleons
  a crocodile
  a giant beetle
  a cockatrice
  a winter wolf cub
  3 lynxes
  a gremlin
  6 leprechauns
 an orc-captain
 an iron piercer
  a mumak
  2 giant spiders
  2 horses
 an ice vortex
  4 vampire bats
 an orc mummy
  a dwarf mummy
 an ogre
  a brown pudding
  a rust monster
  3 owlbears
  4 yetis
  a gold golem
  3 lizards
  2 chickatrices
  2 dingoes
  2 jaguars
  a gray unicorn
  2 black unicorns
  a dust vortex
  a raven
  a plains centaur
  a gnome mummy
  3 snakes
  5 apes
  4 Woodland-elves
  2 soldier ants
  2 bugbears
 an imp
  2 quasits
  a wood nymph
  a mountain nymph
  5 rock piercers
  a rock mole
  3 ponies
  a fog cloud
  2 yellow lights
  2 shriekers
  4 gnome leaders
  a gnomish wizard
  2 kobold mummies
  3 gray oozes
  3 elf zombies
  a straw golem
  6 giant ants
  3 floating eyes
  4 kittens
  5 dwarves
  2 homunculi
  a kobold leader
 11 hill orcs
  7 rothes
  a rabid rat
  3 giant bats
 an orc zombie
  a wererat
  a werejackal
 an iguana
  4 killer bees
  2 acid blobs
  3 gas spores
  a hobbit
  8 giant rats
  4 cave spiders
  2 brown molds
  4 yellow molds
 31 gnomes
 16 garter snakes
  2 gnome zombies
  6 geckos
  4 jackals
  4 sewer rats
  8 grid bugs
  5 lichens
  8 newts
296 creatures vanquished.

No species were genocided or became extinct.

Game over:
                       ----------
                      /          \
                     /    REST    \
                    /      IN      \
                   /     PEACE      \
                  /                  \
                  |    Coineanach    |
                  |     2972 Au      |
                  | killed by an air |
                  |    elemental     |
                  |                  |
                  |                  |
                  |       2026       |
                 *|     *  *  *      | *
        _________)/\\_//(\/(/\)/\//\/|_)_______

Sayonara Coineanach the Samurai...

You died in Sokoban on dungeon level 5 with 27963 points,
and 2972 pieces of gold, after 12126 moves.
You were level 10 with a maximum of 105 hit points when you died.

